 Dungeon Crawl Stone Soup version 0.17.0-28-g6e173f8 (webtiles) character file.

72 dohliylev the Sneak (level 4, -4/33 HPs)
             Began as a Vampire Assassin on Nov 29, 2015.
             Slain by a worm (8 damage)
             ... on level 2 of the Dungeon.
             The game lasted 00:05:17 (1186 turns).

dohliylev the Sneak (Vampire Assassin)              Turns: 1186, Time: 00:05:17

Health: -4/33      AC:  3    Str: 10    XL:     4   Next: 7%
Magic:  4/4        EV: 12    Int: 13    God:
Gold:   91         SH:  0    Dex: 16    Spells: 0 memorised, 3 levels left

rFire  + . .     SeeInvis +     a - +2 dagger
rCold  . . .     Clarity  .     c - +0 robe
rNeg   . . .     SustAt   .     (no shield)
rPois  .         Gourm    .     (no helmet)
rElec  .         Spirit   .     d - +0 cloak
rCorr  .         Warding  .     (no gloves)
rMut   .         Stasis   .     (no boots)
MR     .....                    (no amulet)
Stlth  ++++......               (no ring)
                                s - ring of protection from fire

@: regenerating very quickly, not resistant to hostile enchantments, stealthy
A: fangs 3, see invisible, unbreathing
a: no special abilities


You were on level 2 of the Dungeon.
You were almost alive.

You visited 1 branch of the dungeon, and saw 2 of its levels.

You collected 91 gold pieces.

Inventory:

Hand Weapons
 a - a +2 dagger (weapon)
 b - a +0 blowgun
Missiles
 e - 6 poisoned needles
 f - 2 curare-tipped needles
 m - 6 needles of slowing
Armour
 c - a +0 robe (worn)
 d - a +0 cloak (worn)
 i - a +0 helmet
 p - a +0 shield
Jewellery
 s - a ring of protection from fire (left hand)
Wands
 u - a wand of enslavement (14)
Scrolls
 l - a scroll of enchant weapon {unknown}
 o - a scroll of teleportation {unknown}
 q - a scroll of enchant armour {unknown}
Potions
 g - 5 potions of blood
 h - a potion of curing {unknown}
 j - 2 potions of brilliance {unknown}
 k - 2 potions of heal wounds {unknown}
 n - a potion of lignification {unknown}
 r - a potion of magic {unknown}
 t - a potion of mutation {unknown}


   Skills:
 + Level 2.0 Fighting
 + Level 2.4 Short Blades
 + Level 1.6 Throwing
 + Level 1.8 Dodging
 + Level 7.9 Stealth


You had 3 spell levels left.
You didn't know any spells.

Dungeon Overview and Level Annotations

Branches:
Dungeon (2/15)

Altars:
Fedhas
Makhleb
Sif Muna
Trog


Innate Abilities, Weirdness & Mutations

Your natural rate of healing is extremely fast.
You have razor-sharp teeth.
You have supernaturally acute eyesight.
You can survive without breathing.


Message History

The worm bites you.
* * * LOW HITPOINT WARNING * * *
There is a stone staircase leading up here.
You barely miss the worm.
The worm is heavily wounded.
You hit the worm.
The worm is severely wounded.
The worm bites you.
* * * LOW HITPOINT WARNING * * *
You barely miss the worm.
The worm is heavily wounded.
You hit the worm but do no damage.
The worm is heavily wounded.
The worm misses you.
You hit the worm. You bite the worm, but do no damage.
The worm is severely wounded.
You hit the worm.
The worm is almost dead.
The worm bites you!
You die...

#########
#........ #.#
#.# #@# .# #w#
#.# #.# #.# #.#
#.# #.# #.# #
#.#####.## .#
#.##.....###.###
#.##........(...
#.....w......#


You could see a worm.

Vanquished Creatures
  2 adders (D:2)
  An ooze (D:1)
  A worm (D:2)
  A giant gecko (D:1)
  6 bats
  A giant cockroach (D:1)
  4 hobgoblins
  5 kobolds
  3 giant newts (D:1)
  5 goblins
  10 jackals
  9 rats
48 creatures vanquished.

Notes
Turn   | Place    | Note
--------------------------------------------------------------
     0 | D:1      | dohliylev the Vampire Assassin began the quest for the Orb.
     0 | D:1      | Reached XP level 1. HP: 16/16 MP: 1/1
    24 | D:1      | Reached skill level 6 in Stealth
   120 | D:1      | Reached XP level 2. HP: 16/22 MP: 2/2
   280 | D:1      | Reached skill level 7 in Stealth
   421 | D:1      | Reached XP level 3. HP: 25/27 MP: 3/3
  1050 | D:2      | Found a burning altar of Makhleb.
  1050 | D:2      | Found a blossoming altar of Fedhas.
  1050 | D:2      | Found a deep blue altar of Sif Muna.
  1072 | D:2      | Found a bloodstained altar of Trog.
  1093 | D:2      | Reached XP level 4. HP: 15/33 MP: 4/4
  1186 | D:2      | Slain by a worm

Action                   |  1- 3 |  4- 6 || total
-------------------------+-------+-------++-------
Melee: Dagger            |   114 |    31 ||   145
 Fire: Blowgun           |     4 |       ||     4
  Use: Potion            |       |     6 ||     6
 Stab: Sleeping          |    12 |       ||    12
  Eat: Corpse            |     2 |     1 ||     3
